 Dungeon Sprint DCSS version 0.18-a0-1354-gbc5753f (webtiles) character file.

737 Kidiri the Covert (level 7, -7/36 HPs)
             Began as a Spriggan Enchanter on Feb 19, 2016.
             Mangled by a boulder beetle (43 damage)
             ... in the Dungeon (Sprint II: "The Violet Keep of Menkaure").
             The game lasted 00:02:29 (375 turns).

Kidiri the Covert (Spriggan Enchanter)               Turns: 375, Time: 00:02:30

Health: -7/36      AC:  3    Str:  4    XL:     7   Next: 46%
Magic:  18/20      EV: 26    Int: 17    God:
Gold:   729        SH:  0    Dex: 18    Spells: 5 memorised, 11 levels left

rFire  . . .     SeeInvis +     a - +1 dagger
rCold  . . .     Gourm    .     b - +1 robe
rNeg   . . .     Faith    .     (shield restricted)
rPois  .         Spirit   .     (helmet restricted)
rElec  .         Dismiss  .     (no cloak)
rCorr  .         Reflect  .     (gloves unavailable)
SustAt .         Harm     .     (boots unavailable)
MR     +....     NoTele   +     (no amulet)
Stlth  ++++++....               (no ring)
                                (no ring)

@: very quick, somewhat resistant to hostile enchantments, very stealthy
A: unfitting armour, see invisible, herbivore 3, speed 3, slow metabolism 2
a: no special abilities


You were in the Dungeon.
You were not hungry.

You visited 1 branch You collected 729 gold pieces.

Inventory:

Hand Weapons
 a - a +1 dagger (weapon)
Armour
 b - a +1 robe (worn)
Scrolls
 j - a scroll of blinking
Potions
 f - a potion of heal wounds
 g - a potion of haste
 h - 2 potions of magic
Books
 c - a book of Maledictions

   Spells                             Type                      Level
   a - Corona                         Hexes                        1
   b - Ensorcelled Hibernation        Hexes/Ice                    2
   c - Confuse                        Hexes                        3
   d - Tukima's Dance                 Hexes                        3
   e - Dazzling Spray                 Conjuration/Hexes            3
Comestibles
 d - a bread ration


   Skills:
 + Level 3.5 Fighting
 * Level 7.2 Short Blades
 + Level 3.2 Armour
 * Level 9.9 Dodging
 * Level 11.1 Stealth
 * Level 8.5 Spellcasting
 + Level 2.5 Conjurations
 + Level 6.6 Hexes
 + Level 2.9 Ice Magic


You had 11 spell levels left.
You knew the following spells:

 Your Spells              Type           Power        Failure   Level  Hunger
a - Corona                Hex            ####...      1%          1    None
b - Ensorcelled Hibernat  Hex/Ice        ###...       2%          2    None
c - Confuse               Hex            ####....     1%          3    #......
d - Tukima's Dance        Hex            ####....     1%          3    #......
e - Dazzling Spray        Conj/Hex       ###.....     6%          3    #......


Dungeon Overview and Level Annotations

Branches:
Dungeon (1/1)

Altars:

Shops:
D }


Innate Abilities, Weirdness & Mutations

You are tiny and cannot use many weapons and most armour.
You have supernaturally acute eyesight.
You are an herbivore.
You cover ground extremely quickly.
You need consume almost no food.


Message History

You hear a hideous shriek!
The flying skull gives a hideous shriek! x2
There is an open door here.
You see here a trident.
You close the door.
There is an open door here.
You open the door.
There is an open door here.
The helpless boulder beetle fails to defend itself.
You skewer the boulder beetle like a kebab!!!
The boulder beetle is almost dead.
Unknown command.
Casting: Corona
Confirm with . or Enter, or press ? or * to list all spells.
Aiming: Ensorcelled Hibernation
Press: ? - help, Shift-Dir - straight line, f - boulder beetle
Aim: a boulder beetle (almost dead, chance to defeat MR: 35%)
The boulder beetle easily resists.
The boulder beetle bites you!!!
Ouch! That really hurt!
You die... # zzz.

###≈≈#+++#+++##
##≈≈≈.........#
∩#≈≈≈≈.##+##..#
.#≈≈≈≈##.).##
.#≈≈≈≈#..#..#
.#≈≈####...####
.#≈##.###'###%##
.#≈#$B@##.##...#
.+ +###'.<.'##.+
#.B.##.##%%.#
##.# #'###.##
#####.#####
#..#..# ##.#.##
##+##


You could see a boulder beetle.

Vanquished Creatures
  Menkaure (D)
  4 necrophages (D)
  4 worker ants (D)
9 creatures vanquished.

Vanquished Creatures (collateral kills)
  A siren (D)
1 creature vanquished.

Vanquished Creatures (others)
  A crocodile (D)
1 creature vanquished.

Grand Total: 11 creatures vanquished

Notes
Turn   | Place    | Note
--------------------------------------------------------------
     0 | D        | Kidiri the Spriggan Enchanter began the quest for the Orb.
     0 | D        | Reached XP level 1. HP: 9/9 MP: 5/5
     1 | D        | Noticed a worker ant
     1 | D        | Noticed a worker ant
     3 | D        | Noticed a worker ant
     3 | D        | Noticed a worker ant
    14 | D        | Killed a worker ant
    14 | D        | Reached skill level 1 in Fighting
    14 | D        | Reached skill level 1 in Armour
    14 | D        | Reached skill level 5 in Stealth
    14 | D        | Reached XP level 2. HP: 14/14 MP: 6/8
    18 | D        | Reached skill level 5 in Dodging
    18 | D        | Reached skill level 6 in Stealth
    18 | D        | Reached XP level 3. HP: 18/18 MP: 7/10
    22 | D        | Reached XP level 4. HP: 22/22 MP: 7/11
    28 | D        | Reached skill level 7 in Stealth
    28 | D        | Reached skill level 5 in Spellcasting
    35 | D        | Learned a level 2 spell: Ensorcelled Hibernation
    39 | D        | Learned a level 3 spell: Confuse
    43 | D        | Learned a level 3 spell: Tukima's Dance
    46 | D        | Killed a crocodile
    47 | D        | Learned a level 3 spell: Dazzling Spray
   123 | D        | Noticed a siren
   126 | D        | Noticed a boulder beetle
   126 | D        | Noticed a boulder beetle
   130 | D        | Noticed a necrophage
   130 | D        | Noticed a necrophage
   130 | D        | Noticed a necrophage
   130 | D        | Noticed a necrophage
   133 | D        | Killed a necrophage
   133 | D        | Reached skill level 8 in Stealth
   133 | D        | Reached skill level 1 in Conjurations
   133 | D        | Reached skill level 5 in Hexes
   133 | D        | Reached skill level 1 in Ice Magic
   133 | D        | Reached XP level 5. HP: 26/26 MP: 12/14
   138 | D        | Killed a necrophage
   138 | D        | Reached skill level 5 in Short Blades
   138 | D        | Reached skill level 9 in Stealth
   145 | D        | Killed a necrophage
   145 | D        | Reached XP level 6. HP: 28/32 MP: 7/17
   161 | D        | Reached skill level 10 in Stealth
   240 | D        | Killed a siren
   240 | D        | Reached XP level 7. HP: 29/36 MP: 1/19
   356 | D        | Noticed a flying skull
   356 | D        | Noticed a flying skull
   356 | D        | Noticed a flying skull
   356 | D        | Noticed a flying skull
   357 | D        | Noticed a flying skull
   357 | D        | Noticed a flying skull
   357 | D        | Noticed a flying skull
   358 | D        | Noticed a flying skull
   358 | D        | Noticed a flying skull
   358 | D        | Noticed a flying skull
   358 | D        | Noticed a flying skull
   358 | D        | Noticed Menkaure
   359 | D        | Found Iribilerghas's Gadget Shoppe.
   360 | D        | Killed Menkaure
   360 | D        | Reached skill level 11 in Stealth
   362 | D        | Noticed a flying skull
   375 | D        | Mangled by a boulder beetle

Vault maps used:
D:        the_violet_keep_of_menkaure

Action                   |  1- 3 |  4- 6 |  7- 9 || total
-------------------------+-------+-------+-------++-------
Melee: Dagger            |    16 |    31 |     2 ||    49
 Cast: Confuse           |       |     6 |       ||     6
       Ensorcelled Hiber |       |     1 |     1 ||     2
       Tukima's Dance    |       |     1 |       ||     1
       Corona            |       |     1 |       ||     1
  Use: Potion            |     2 |       |       ||     2
 Stab: Sleeping          |       |     2 |     2 ||     4
       Confused          |       |     2 |       ||     2
